Cogmind - Beta 9.6 @@@ ROGUE MODE // 2020.06.22 @ 12:22:45 Player: RNGesus Result: Destroyed by D-53 Grenadier with Mini Grenade Launcher Performance ------------- Evolutions (0) 0 Regions Visited (2) 400 Robots Destroyed (32) 160 Value Destroyed (223) 223 Prototype IDs (0) 0 Alien Tech Used (0) 0 Bonus (-98) -98 TOTAL SCORE: 685 Bonus ------- Friendly Fire -98 Cogmind --------- Core Integrity 0/250 Matter 104/300 Energy 97/125 System Corruption 0% Temperature Cool (10) Movement Core (650) Ox12 Location -10/Mines Parts ------- > --- POWER (1) -------- Light Ion Engine > --- PROPULSION (2) --- (None) > --- UTILITY (2) ------ Large Storage Unit Large Storage Unit > --- WEAPON (2) ------- Medium Laser Small Laser > --- INVENTORY (16) --- Medium Storage Unit Targeting Computer Hacking Suite Hacking Suite EM Pulse Gun Small Laser Grenade Launcher Peak State ------------ > --- POWER ------------ Ion Engine > --- PROPULSION ------- Aluminum Leg Aluminum Leg > --- UTILITY ---------- Large Storage Unit Large Storage Unit > --- WEAPON ----------- EM Pulse Gun EM Pulse Gun > --- INVENTORY -------- Light Ion Engine Medium Storage Unit Targeting Computer Hacking Suite Medium Laser Small Laser Small Laser Grenade Launcher Grenade Launcher [Rating: 8] Favorites ----------- Power Ion Engine Engine Ion Engine Propulsion Aluminum Leg Leg Aluminum Leg Utility Large Storage Unit Storage Large Storage Unit Weapon EM Pulse Gun Energy Gun EM Pulse Gun Launcher Grenade Launcher Build | -11 -10 -10 ------- Run | Scr Mat Min Slots Evolved . | . . . Power . | . . . Propulsion . | . . . Utility . | . . . Weapon . | . . . Parts Attached 18 | 7 5 6 Power 3 | 2 . 1 Engine 3 | 2 . 1 Core . | . . . Reactor . | . . . Propulsion 3 | 2 . 1 Treads . | . . . Leg 3 | 2 . 1 Wheel . | . . . Hover . | . . . Flight . | . . . Utility 3 | 1 2 . Device . | . . . Storage 3 | 1 2 . Processor . | . . . Hackware . | . . . Protection . | . . . Artifact . | . . . Weapon 9 | 2 3 4 Energy Gun 6 | 2 2 2 Energy Cannon . | . . . Ballistic Gun . | . . . Ballistic Cannon . | . . . Launcher 3 | . 1 2 Special Weapon . | . . . Impact Weapon . | . . . Slashing Weapon . | . . . Piercing Weapon . | . . . Special Melee Weapon . | . . . Unidentified Prototypes . | . . . Parts Lost 5 | . . 5 Power 1 | . . 1 Propulsion 2 | . . 2 Utility . | . . . Weapon 2 | . . 2 Highest Loss Streak 4 | . . 4 Average Slot Usage (%) 95 | . 98 65 Engine 13 | . 14 10 Leg 26 | . 28 14 Storage 26 | . 26 28 Energy Gun 25 | . 28 4 Naked Turns . | . . . Heaviest Build 41 | 12 41 38 Greatest Support 20 | 20 20 10 Greatest Overweight (x) 3 | 3 2 3 Average Overweight (x) 1 | . 1 3 Largest Inventory Capacity 16 | 6 16 16 Average Capacity 14 | 5 14 16 Most Carried 11 | 2 10 11 Average Carried 6 | 1 6 9 Final Capacity 16 | 6 16 16 Final Carried 10 | 2 10 7 Class Distribution -------------------- 100% | Mutant Dominant Class ---------------- Mutant | -10/Materials Mutant | -10/Mines Resources | -11 -10 -10 ----------- Run | Scr Mat Min Matter Collected 349 | 232 116 1 Remotely . | . . . Salvage Created 289 | . 223 66 Parts 25 | . 18 7 Haulers Intercepted 1 | . 1 . Recyclers Shooed 3 | . 3 . Parts Field Recycled . | . . . Retrieved Matter . | . . . Parts Self-Destructed . | . . . Prevented . | . . . Kills | -11 -10 -10 ------- Run | Scr Mat Min Combat Hostiles Destroyed 28 | . 6 22 Guns 1 | . 1 . AOE 26 | . 4 22 Classes Destroyed 5 | . 4 1 Hauler 1 | . 1 . Operator 3 | . 3 . Swarmer 9 | . 3 6 Grunt 3 | . 3 . Assembled 16 | . . 16 Best Kill Streak 22 | . 5 22 Combat Bots Only 22 | . 5 22 Max Kills in Single Turn 4 | . 3 4 Gunslinging . | . . . Exploded 4 | . 3 4 Melee . | . . . Uniques/NPCs Destroyed . | . . . Combat | -11 -10 -10 -------- Run | Scr Mat Min Damage Taken 837 | . 206 631 Core 260 | . 35 225 Absorbed by Shields . | . . . Core Remaining (%) 100 | 100 . . Volleys Fired 43 | . 26 17 Largest 2 | . 2 2 Hottest 90 | . 90 90 Shots Fired 67 | . 49 18 Gun 48 | . 46 2 Cannon . | . . . Launcher 19 | . 3 16 Special . | . . . Kinetic . | . . . Thermal 22 | . 20 2 Explosive 19 | . 3 16 Electromagnetic 26 | . 26 . Robot Hit Streak 6 | . 6 4 Robot Miss Streak 2 | . 2 2 Penetration Max . | . . . Secondary Targets . | . . . Shots Hit Robots 36 | . 30 6 Core Hits 60 | . 14 46 Critical Hits . | . . . Critical Kills . | . . . Critical Parts Destroyed . | . . . Melee Attacks . | . . . Impact . | . . . Slashing . | . . . Piercing . | . . . Sneak Attacks . | . . . Combat Hostiles . | . . . Follow-up Attacks . | . . . Damage Inflicted 2085 | . 619 1466 Guns 417 | . 406 11 Cannons . | . . . Explosions 1668 | . 213 1455 Melee . | . . . Ramming . | . . . Kinetic . | . . . Thermal 209 | . 198 11 Explosive 1647 | . 192 1455 Electromagnetic 229 | . 229 . Impact . | . . . Slashing . | . . . Piercing . | . . . Highest Corruption . | . . . Average Corruption . | . . . Corruption Purged . | . . . Overload Shots . | . . . Overflow Damage 52 | . . 52 Projectiles . | . . . Explosions 52 | . . 52 Melee . | . . . Knockbacks . | . . . Impact . | . . . Kinetic . | . . . Secondary . | . . . Self-Inflicted Damage 118 | . 30 88 Shots 5 | . 1 4 Rammed . | . . . Targets Rammed . | . . . Kicked . | . . . Crushed . | . . . Highest Temperature 147 | . 147 10 Average Temperature 51 | . 52 10 Received Heat Transfer 84 | . 84 . Siege Activations . | . . . Robots Corrupted 1 | . 1 . Combat Hostiles 1 | . 1 . Parts Fried . | . . . Impact Corruptions . | . . . Robots Melted . | . . . Combat Hostiles . | . . . Parts Melted 1 | . 1 . Heat Transferred 546 | . 521 25 Parts Sabotaged . | . . . Parts Stolen . | . . . Parts Stripped . | . . . Power Chain Reactions 1 | . 1 . Missiles Intercepted . | . . . Alert | -11 -10 -10 ------- Run | Scr Mat Min Peak Influence 154 | . 154 145 Average Influence 37 | . 34 109 Maximum Alert Level . | . . . Low Security (%) 100 | 100 100 100 Level 1 . | . . . Level 2 . | . . . Level 3 . | . . . Level 4 . | . . . Level 5 . | . . . High Security . | . . . Max Security . | . . . Squads Dispatched 1 | . 1 . Investigation . | . . . Extermination . | . . . Reinforcement 1 | . 1 . Assault . | . . . Garrison . | . . . Intercept . | . . . Construction Impeded . | . . . Haulers Reinforced . | . . . Stealth | -11 -10 -10 --------- Run | Scr Mat Min Distress Signals 2 | . 2 . Communications Jammed . | . . . Distress Signals . | . . . Times Spotted 41 | . 14 27 Peak Tracking Total 18 | . 6 18 Tactical Retreats . | . . . Traps | -11 -10 -10 ------- Run | Scr Mat Min Traps Triggered . | . . . Indirectly . | . . . Trap Hack Attempts . | . . . Triggered . | . . . Disarmed . | . . . Reprogrammed . | . . . Reused . | . . . Traps Extracted . | . . . Installed . | . . . Triggered . | . . . Machines | -11 -10 -10 ---------- Run | Scr Mat Min Machines Disabled . | . . . Max in Single Turn . | . . . Machines Sabotaged . | . . . Garrisons Compromised . | . . . Overloaded Fab Kills . | . . . Fab Network Shutdowns . | . . . Hacking | -11 -10 -10 --------- Run | Scr Mat Min Machines Accessed 3 | . 3 . Terminals 3 | . 3 . Fabricators . | . . . Repair Stations . | . . . Recycling Units . | . . . Scanalyzers . | . . . Garrison Access . | . . . Total Hacks 4 | . 4 . Successful 4 | . 4 . Failed . | . . . Catastrophic . | . . . Database Lockouts . | . . . Manual 4 | . 4 . Terminals 4 | . 4 . Fabricators . | . . . Repair Stations . | . . . Recycling Units . | . . . Scanalyzers . | . . . Garrison Access . | . . . Terminal Hacks 1 | . 1 . Branch Access Points 1 | . 1 . Fabricator Hacks . | . . . Repair Station Hacks . | . . . Recycling Unit Hacks . | . . . Scanalyzer . | . . . Garrison Access Hacks . | . . . Unauthorized Hacks 3 | . 3 . Terminals 3 | . 3 . Assimilate 2 | . 2 . Operators 1 | . 1 . Fabricators . | . . . Repair Stations . | . . . Recycling Units . | . . . Scanalyzers . | . . . Garrison Access . | . . . Data Cores Recovered . | . . . Used . | . . . Hacking Detections 2 | . 2 . Full Trace Events . | . . . Feedback Events . | . . . Feedback Blocked . | . . . Robot Schematics Acquired . | . . . Robots Built . | . . . Matter . | . . . Time . | . . . Total Robot Build Rating . | . . . Part Schematics Acquired . | . . . Parts Built . | . . . Matter . | . . . Time . | . . . Total Part Build Rating . | . . . Parts Repaired . | . . . Time . | . . . Parts Recycled . | . . . Recycled Matter . | . . . Retrieved Matter . | . . . Retrieved Components . | . . . Parts Scanalyzed . | . . . Part Schematics Acquired . | . . . Parts Damaged . | . . . Bothacking | -11 -10 -10 ------------ Run | Scr Mat Min Used RIF Installer . | . . . Robots Hacked . | . . . Non-combat . | . . . Combat . | . . . Robot Hacks Applied . | . . . Relay Couplers Released . | . . . Robots Rewired . | . . . Allies Hacked . | . . . Hacks Repelled . | . . . Allies | -11 -10 -10 -------- Run | Scr Mat Min Total Allies 2 | . 2 . Largest Group 2 | . 2 . Highest-Rated Group 20 | . 20 . Highest-Rated Ally 10 | . 10 . Total Orders . | . . . Ally Attacks . | . . . Total Damage . | . . . Kills . | . . . Allies Corrupted . | . . . Allies Melted . | . . . Intel | -11 -10 -10 ------- Run | Scr Mat Min Robot Analysis Total . | . . . Derelict Logs Recovered . | . . . Drone Launches . | . . . Drone Recoveries . | . . . Exploration | -11 -10 -10 ------------- Run | Scr Mat Min Turns Passed 812 | 60 686 66 Spaces Moved 419 | 36 371 12 Core 17 | 17 . . Treads . | . . . Legs 402 | 19 371 12 Wheels . | . . . Hover . | . . . Flight . | . . . Fastest Speed 50 | 50 120 210 Average Speed 158 | 128 160 210 Slowest Speed 210 | 200 180 210 Overloaded Moves . | . . . Propulsion Burnouts . | . . . Robots Hopped . | . . . Cave-ins Triggered . | . . . Exploration Rate (%) 25 | 4 64 7 Regions Visited 2 Branch Regions 1 Pre-discovered Areas . | . . . Known Exits Taken 1 | . 1 . Unknown Exits Taken 1 | 1 . . Scrap Searched . | . . . Spaces Dug . | . . . Terrain Destroyed 94 | . 18 76 Melee . | . . . Projectile . | . . . AOE 94 | . 18 76 Actions | -11 -10 -10 --------- Run | Scr Mat Min Total 495 | 46 412 37 Wait 5 | 3 2 . Move 417 | 35 370 12 Hop . | . . . Pick Up 9 | 1 8 . Fast Attach 7 | 6 1 . Attach 5 | . . 5 Detach 2 | . . 2 Swap 6 | 1 4 1 Drop 1 | . 1 . Fire 43 | . 26 17 Melee . | . . . Ram . | . . . Kick . | . . . Crush . | . . . Escape Stasis . | . . . Rewire . | . . . Trap . | . . . Miscellaneous . | . . . Route ------- -11/Scrapyard -10/Materials (discovered 4 exits: [*Mat x2] / *Min x2) -10/Mines History --------- Turn | Location | Event 20 | -11/Scrapyard | Discovered new exit (range 16) 61 | -11/Scrapyard | Entered Materials 300 | -10/Materials | Build established: Mutant 324 | -10/Materials | Discovered new exit (range 16) 510 | -10/Materials | Discovered new exit (range 6) 617 | -10/Materials | Discovered new exit (range 16) 677 | -10/Materials | Identified exit to Mines 747 | -10/Materials | Entered Mines 748 | -10/Mines | Assembled infested the area 759 | -10/Mines | Met a Derelict bent on vengeance 770 | -10/Mines | Core integrity fell below 50% 794 | -10/Mines | Lost 4 parts (1p1n2w) 808 | -10/Mines | Destroyed 22 combat bots 811 | -10/Mines | Core integrity fell below 20% 813 | -10/Mines | Destroyed by D-53 Grenadier with Mini Grenade Launcher Last Messages --------------- 00769_ as-17811 destroyed. 00769_ Destroyed Asb. Hover Unit. 00769_ as-67840 destroyed. 00770_ The unstable cave ceiling collapses. 00770_ as-18377 destroyed. 00773_ The unstable cave ceiling collapses. 00775_ as-57475 destroyed. 00776_ The unstable cave ceiling collapses. 00777_ as-73791 destroyed. 00779_ The unstable cave ceiling collapses. 00783_ S-10 Pest destroyed. 00787_ The unstable cave ceiling collapses. 00787_ S-10 Pest destroyed. 00791_ The unstable cave ceiling collapses. 00795_ Acquired 1 matter. 00798_ The unstable cave ceiling collapses. 00809_ C-30 ARC bursts open, deploying its payload. 00809_ D-53 Grenadier unfolds itself. 00809_ Aluminum Leg destroyed. 00811_ The unstable cave ceiling collapses. Map ----- +----------------------------------------------------+ | ???????????????????????????????????????? | | ???????????????????????????????????????? | | ???????????????????????????????????????? | | ???????????????????????????????????????? | | ???????????????????????????????????????? | | ???????????????????????????????????????? | | ???????????????????????????????????????? | | ???????????????????????????????????????? | | ???????????????????????????????????????? | | ???????????????????????????????????????? | | ???????????????????????????????????????? | | ???????????????????????????????????????? | | ???????????????????????????????????????? | | ??????######???????????????????????????? | | ???#### ???????????????????????????? | | ???# ## ###?????##???????????????????? | | ???# * ###### ###?????????????????? | | ????# [ # ##??? ????????????? | | ???## [ ### ????????????? | | ???# # dd[ "???????????? | | ????# * = "???????????? | | ????# ##????????????????? | | ????### # #????????????????? | | ??????# ##???????????????? | | ??????# < #???????????????? | | ??????## ## @ #??????????????? | | ???????##### #??????????????? | | ???????????# ##??????????????? | | ???????????# #####???????????????? | | ???????????#### ####???????????????????? | | ???????????????#???????????????????????? | | | | | | | | | | | | | | | | | | | | | | | | | | | | | | | | | | | | | | | +----------------------------------------------------+ Best States ------------- Heat Dissipation 25 Energy Generation 10 Energy Capacity 250 Matter Stores 300 Matter Capacity 300 Sight Range 16 Terrain Scan Density 10 Evasion (%) 40 Item Schematics ----------------- None Robot Schematics ------------------ None Fabricated ------------ Nothing Alien Tech Used ----------------- None Achievements -------------- None Challenges ------------ None Game ------ Seed TransportGhostReconstructor Manual? 0 Play Time 00:06:32 Cumulative 257.5 hours Start 2020.06.22 @ 12:16:02 End 2020.06.22 @ 12:22:45 Sessions 1 Manual Loads 0 Difficulty Rogue Special Mode None Game No. 409 Rogue 409 Adventurer 0 Explorer 0 Win Type - Total 5 Types 3/0/1/1/0/0/0 Lore% 82 Gallery% 82 Achievement% 61 Wizard Run 0 Options --------- ASCII 0 Keyboard 1 Movement Numpad Keybinds 0 Fullscreen 2 Font 18/X11Bold Map View 76x50 Tactical HUD 1 Map Filters NONE Filters NONE Steam 1 RUN: ab77fc95-0959-4297-ba46-d343a4b0540e